 Dungeon Crawl Stone Soup version 0.21.1-1-g345015f (webtiles) character file.

321 vatarom the Ruffian (level 6, 0/48 HPs)
             Began as a Demonspawn Chaos Knight on May 12, 2018.
             Succumbed to an orc wizard's poison
             ... on level 4 of the Dungeon.
             The game lasted 00:07:25 (2992 turns).

vatarom the Ruffian (Demonspawn Chaos Knight)       Turns: 2992, Time: 00:07:27

Health: 0/48       AC:  6    Str: 19    XL:     6   Next: 22%
Magic:  6/6        EV: 15    Int: 13    God:    Xom [..*...]
Gold:   124        SH:  0    Dex: 13    Spells: 5/5 levels left

rFire    . . .     SeeInvis .     - Unarmed
rCold    . . .     Gourm    .   (no shield)
rNeg     . . .     Faith    .   j - +3 leather armour
rPois    .         Spirit   .   (helmet restricted)
rElec    .         Reflect  .   (no cloak)
rCorr    .         Harm     .   (no gloves)
MR       .....     Clarity  +   (no boots)
Stlth    +.........             (no amulet)
HPRegen  0.16/turn              (no ring)
MPRegen  0.10/turn              (no ring)

@: mighty, lethally poisoned (0 -> -1), berserk cooldown, slowed, very slow
A: antennae 1, talons 1, repulsion field 1, clarity, demonic guardian 1,
screaming 1
a: Renounce Religion


You were on level 4 of the Dungeon.
You worshipped Xom.
You were a toy of Xom.
You were very full.

You visited 1 branch of the dungeon, and saw 4 of its levels.

You collected 124 gold pieces.

Inventory:

Hand Weapons
 a - a +0 hunting sling
Missiles
 m - 152 stones (quivered)
 o - 4 silver javelins
Armour
 j - a +3 leather armour (worn)
Scrolls
 e - 6 scrolls of identify
 f - a scroll of magic mapping
 g - a scroll of fear
 h - a scroll of remove curse
 k - 2 scrolls of fog
 l - a scroll of amnesia
Comestibles
 p - a chunk of flesh


   Skills:
 + Level 4.0 Fighting
 - Level 1.7 Armour
 * Level 3.6 Dodging
 * Level 4.5 Unarmed Combat


You had 5 spell levels left.
You didn't know any spells.

Dungeon Overview and Level Annotations

Branches:
Dungeon (4/15)
 Temple: D:4-7

Altars:
Dithmenos
Elyvilon
Qazlal
Sif Muna
Trog
Uskayaw

Annotations:
D:4 p0werm0de's ghost, novice TeWn


Innate Abilities, Weirdness & Mutations

You have a pair of small antennae on your head.
You are surrounded by a mild repulsion field. (EV +2)
A weak demonic guardian rushes to your aid.
You have sharp toenails.
You possess an exceptional clarity of mind.
You occasionally shout uncontrollably at your foes.


Message History

* * * LOW HITPOINT WARNING * * *
You feel sick.
Found a ration.
You see here a stone.
Unknown command.
You aren't carrying any potions.
As you read the scroll labeled GUNWURUCK, it crumbles to dust.
It is a scroll of enchant armour.
Your +2 leather armour glows green for a moment.
As you read the scroll labeled APLIOBRUAC, it crumbles to dust.
It is a scroll of identify.
g - a scroll of fear
* * * LOW HITPOINT WARNING * * *
You feel sick.
Okay, then.
You see here 3 stones.
You eat one of the 2 rations.
That ration really hit the spot!
You eat the ration.
That ration really hit the spot!
You die...
Xom bursts into laughter!

# ### ### #....#
#8###8### #....#
........# #....#
........# #....#
........# ##....#
#8###8#.# #.....#
#######.######...#######
#.......'))).)((@.....%.
#...####################
#. # # #


There were no monsters in sight!

Vanquished Creatures
  A howler monkey (D:3)
  A bullfrog skeleton (D:4)
  A centaur skeleton (D:4)
  3 orc wizards
  Terence (D:2)
  3 adders
  2 oozes (D:2)
  2 worms (D:3)
  6 leopard geckos
  9 orcs
  2 giant cockroaches
  9 goblins
  8 hobgoblins
  4 kobolds
  A quokka (D:3)
  A ball python (D:1)
  5 bats
  3 frilled lizards
  10 rats
72 creatures vanquished.

Vanquished Creatures (collateral kills)
  An adder (D:4)
1 creature vanquished.

Grand Total: 73 creatures vanquished

Notes
Turn   | Place    | Note
-------+----------+-------------------------------------------
     0 | D:1      | vatarom the Demonspawn Chaos Knight began the quest for the Orb.
     0 | D:1      | Reached XP level 1. HP: 18/18 MP: 1/1
     8 | D:1      | XOM: potion effect (haste)
    16 | D:1      | Reached skill level 1 in Dodging
   110 | D:1      | Gained mutation: You have a pair of small antennae on your head. [demonic ancestry]
   110 | D:1      | Reached XP level 2. HP: 20/24 MP: 2/2
   295 | D:1      | XOM: potion effect (agility)
   312 | D:1      | XOM: harmless Necr miscast
   424 | D:2      | Reached XP level 3. HP: 27/29 MP: 3/3
   511 | D:2      | Noticed Terence
   537 | D:2      | Killed Terence
   619 | D:2      | XOM: potion effect (haste)
   635 | D:2      | Gained mutation: You are surrounded by a mild repulsion field. (EV +2) [demonic ancestry]
   635 | D:2      | Reached XP level 4. HP: 18/35 MP: 4/4
   637 | D:2      | XOM: harmless Fire miscast
   964 | D:2      | Found a shadowy altar of Dithmenos.
  1304 | D:3      | XOM: confuse monster(s)
  1392 | D:3      | Reached XP level 5. HP: 4/42 MP: 5/5
  1630 | D:2      | XOM: noise
  1732 | D:3      | XOM: confuse monster(s)
  2086 | D:3      | XOM: harmless Necr miscast
  2173 | D:3      | Found a bloodstained altar of Trog.
  2240 | D:3      | Noticed a hand axe
  2240 | D:3      | Noticed a dagger
  2241 | D:3      | Found a hide-covered altar of Uskayaw.
  2279 | D:3      | XOM: medium Air miscast
  2366 | D:3      | Found a stormy altar of Qazlal.
  2494 | D:3      | Found a deep blue altar of Sif Muna.
  2494 | D:3      | Found a white marble altar of Elyvilon.
  2586 | D:4      | Noticed p0werm0de's ghost (novice TeWn)
  2838 | D:4      | XOM: cast spell 'Summon Ice Beast'
  2956 | D:4      | Gained mutation: You are robust. (+10% HP) [potion of mutation]
  2956 | D:4      | Gained mutation: Your flesh is heat resistant. (rF+) [potion of mutation]
  2956 | D:4      | Gained mutation: You have sharp toenails. [potion of mutation]
  2963 | D:4      | Gained mutation: A weak demonic guardian rushes to your aid. [demonic ancestry]
  2963 | D:4      | Reached XP level 6. HP: 27/52 MP: 6/6
  2980 | D:4      | Lost mutation: You are robust. (+10% HP) [potion of mutation]
  2980 | D:4      | Lost mutation: Your flesh is heat resistant. (rF+) [potion of mutation]
  2980 | D:4      | Gained mutation: You occasionally shout uncontrollably at your foes. [potion of mutation]
  2980 | D:4      | Gained mutation: You possess an exceptional clarity of mind. [potion of mutation]
  2984 | D:4      | HP: 2/48 [poisoned by an orc wizard]
  2989 | D:4      | HP: 1/48 [poisoned by an orc wizard]
  2992 | D:4      | Succumbed to an orc wizard's poison

Skill      XL: |  1  2  3  4  5 |
---------------+----------------+-----
Dodging        | 1 2 3 |  3.6
Unarmed Combat | 3 4 |  4.5
Fighting       | 4 |  4.0
Armour         | |  1.7

Action                   |  1- 3 |  4- 6 || total
-------------------------+-------+-------++-------
Melee: Unarmed           |   147 |   157 ||   304
       Punch             |     3 |     2 ||     5
       Kick              |       |     2 ||     2
 Fire: Hunting sling     |       |    54 ||    54
  Use: Potion            |     3 |     6 ||     9
       Scroll            |       |     6 ||     6
  Eat: Chunk             |       |     3 ||     3
       Ration            |       |     3 ||     3
Armor: Leather armour    |    35 |    28 ||    63
Dodge: Dodged            |   115 |   110 ||   225
